 Dungeon Crawl Stone Soup version bcrawl-1.28 (webtiles) character file.

Game seed: 13267511823211851389

73423 MisterOstroum the Magician (level 1, -1/15 HPs)
             Began as a Mummy Wanderer on Nov 21, 2020.
             Slain by a hobgoblin
             ... wielding a +0 club
              (4 damage)
             ... on level 1 of the Dungeon.
             The game lasted 00:00:36 (209 turns).

MisterOstroum the Magician (Mummy Wanderer)          Turns: 209, Time: 00:00:37

Health: -1/15      AC:  2    Str: 12    XL:     1   Next: 58%
Magic:  4/4        EV: 11    Int: 14    God:
Gold:   0          SH:  0    Dex: 11    Spells: 5/5 levels left

rFire    x . .     SeeInvis .   a - +2 dagger
rCold    + . .     Gourm    .   (no shield)
rNeg     + + +     Faith    .   d - +0 robe
rPois    ∞         Spirit   .   (no helmet)
rElec    .         Reflect  .   (no cloak)
rCorr    .         Harm     .   (no gloves)
MR       .....     Clarity  +   (no boots)
Stlth    +.........             (no amulet)
HPRegen  0.05/turn              (no ring)
MPRegen  0.09/turn              (no ring)

@: no status effects
A: no food or potions, fire vulnerability, clarity, cold resistance 1, negative
energy resistance 3, torment resistance, unbreathing
a: no special abilities


You were on level 1 of the Dungeon.
You were not hungry.

You visited 1 branch of the dungeon, and saw 1 of its levels.

Inventory:

Hand Weapons
 a - a +2 dagger (weapon)
 c - a +0 hand axe
Missiles
 b - 84 poisoned tomahawks (quivered)
Armour
 d - a +0 robe (worn)


   Skills:
 + Level 1.2 Fighting
 * Level 1.3 Axes
 - Level 1.5 Throwing
 - Level 1.0 Armour
 - Level 2.6 Spellcasting
   Level 1.0 Conjurations
   Level 1.5 Ice Magic


You had 5 spell levels left.
You didn't know any spells.
Your spell library was empty.

Dungeon Overview and Level Annotations

Branches:
Dungeon (1/12)

Altars:


Innate Abilities, Weirdness & Mutations

You do not eat or drink.
Your flesh is vulnerable to fire.
You are immune to poison.
You possess an exceptional clarity of mind.
Your flesh is cold resistant. (rC+)
You are immune to negative energy. (rN+++)
You are immune to unholy pain and torment.
You can survive without breathing.


Message History

Wear which item? (? for menu, Esc to quit)
Okay, then.
Your library has no spells.
Unknown command.
Unknown command.
You open the door.
A bat comes into view.
A bat is nearby!
A bat is nearby!
A frilled lizard and a dart slug come into view.
The bat barely misses you.
The frilled lizard hisses angrily.
There is an open door here.
You hit the bat but do no damage. The bat closely misses you.
The frilled lizard bites you.
You hit the frilled lizard.
You kill the frilled lizard!
The bat hits you but does no damage. The bat barely misses you.
You see here a frilled lizard corpse.
You hit the dart slug.
The dart slug is moderately wounded.
The bat closely misses you. The bat misses you.
The dart slug launches a dart at you. The slug dart hits you.
You hit the dart slug.
The dart slug is severely wounded.
The bat hits you.
You hit the dart slug.
You kill the dart slug!
The bat hits you.
You hit the bat.
You kill the bat!
There is an open door here.
You close the door.
HP restored.
You open the door.
There is an open door here.
You see here a frilled lizard corpse.
You see here a bat corpse.
You see here a dart slug corpse.
A rat comes into view.
A rat is nearby!
A rat is nearby!
There is a dry fountain here.
The rat closely misses you.
You hit the rat.
The rat is severely wounded.
The rat barely misses you.
You hit the rat.
You kill the rat!
No target in view!
No target in view!
No target in view!
No target in view!
No target in view!
A hobgoblin comes into view. It is wielding a +0 club.
The hobgoblin shouts!
You see here a rat corpse.
A hobgoblin is nearby!
The hobgoblin barely misses you.
You barely miss the hobgoblin. The hobgoblin misses you.
You hit the hobgoblin.
The hobgoblin is lightly wounded.
The hobgoblin closely misses you.
You hit the hobgoblin.
The hobgoblin is severely wounded.
The hobgoblin hits you with a +0 club.
You barely miss the hobgoblin.
The hobgoblin is severely wounded.
The hobgoblin closely misses you.
You hit the hobgoblin but do no damage.
The hobgoblin is severely wounded.
The hobgoblin barely misses you.
You closely miss the hobgoblin.
The hobgoblin is severely wounded.
You hit the hobgoblin but do no damage.
The hobgoblin is severely wounded.
The hobgoblin barely misses you.
You hit the hobgoblin.
The hobgoblin is almost dead.
The hobgoblin hits you with a +0 club.
You closely miss the hobgoblin.
The hobgoblin is almost dead.
The hobgoblin hits you with a +0 club.
You are too injured to fight recklessly!
Throwing (i - inventory)
b - 85 poisoned tomahawks (quivered)
Press: ? - help, Shift-Dir - straight line, f - hobgoblin
Aim: a hobgoblin, wielding a +0 club (almost dead)
You throw a poisoned tomahawk.
The poisoned tomahawk barely misses the hobgoblin.
The hobgoblin hits you but does no damage.
You closely miss the hobgoblin.
The hobgoblin is almost dead.
The hobgoblin hits you with a +0 club.
* * * LOW HITPOINT WARNING * * *
You closely miss the hobgoblin.
The hobgoblin is almost dead.
The hobgoblin hits you with a +0 club.
You die...

###'###
+...†.+
####..#††####
#....###....#
#.....#.....#
#.#.⌠.#.⌠.#.#
#.#.......#.#
#.###..†###.#
#.@g........#
#####...#####
##.#....
#...### ###.#
.# .. ...


You could see a hobgoblin.

Vanquished Creatures
  A dart slug (D:1)
  A bat (D:1)
  A frilled lizard (D:1)
  A rat (D:1)
4 creatures vanquished.

Notes
Turn   | Place    | Note
-------+----------+-------------------------------------------
     0 | D:1      | MisterOstroum the Mummy Wanderer began the quest for the
                  | Orb.
     0 | D:1      | MisterOstroum set off with the following items: a +2
                  | dagger, 85 poisoned tomahawks, a +0 hand axe, a +0 robe
     0 | D:1      | Reached XP level 1. HP: 15/15 MP: 4/4
   209 | D:1      | Slain by a hobgoblin

Action                   || total
-------------------------++-------
Melee: Dagger            ||    19
Throw: Tomahawk          ||     1
Armor: Robe              ||     1
Dodge: Dodged            ||    13
